AoeStats
← Clueless Clown

MegaRandom

504397765Analyzed
3v3 RM · 27d ago on Sep 5, 2026· 57m 5s· 6 players
Game mode
Random Map
Map size
Normal (6 player)
Population
200
Speed
Normal
Resources
Standard
Victory
Conquest
Starting age
Dark Age
Ending age
Imperial Age
RankedLock teamsTeams togetherTeam positionsShared explorationLock speedFull tech treeHidden civsTurbo modeCheats
Victory
Defeat
🇸🇪 Teutons · Sweden
987
+15
🇺🇸 Jurchens · United States
983
+15
🇺🇸 Ethiopians · United States
964
+16
🇨🇷 Persians · Costa Rica
973
-16
🇺🇸 Mongols · United States
965
-15
🇲🇽 Celts · Mexico
957
-15
adityasankolli
11:02 Loom
12:53 Feudal Age
17:39 Castle Age
16:49 Double-Bit Axe
16:54 Horse Collar
17:54 Fletching
18:37 Crossbowman
20:51 Padded Archer Armor
30:56 Bodkin Arrow
38:28 Imperial Age
39:02 Leather Archer Armor
40:38 Bracer
41:10 Ring Archer Armor
40:26 Arbalester
43:55 Conscription
45:51 Ballistics
46:32 Chemistry
46:23 Thumb Ring
46:41 Elite Shotel Warrior
54:38 Elite Shotel Warrior
GABR1EL
12:12 Feudal Age
12:51 Double-Bit Axe
13:45 Wheelbarrow
12:54 Horse Collar
13:32 Gold Mining
17:49 Loom
17:50 Town Watch
18:32 Stone Mining
20:22 Bloodlines
20:48 Man-at-Arms
24:58 Castle Age
23:02 Man-at-Arms
23:55 Forging
23:36 Fletching
26:50 Scale Barding Armor
26:30 Long Swordsman
28:40 Scale Mail Armor
30:20 Iron Casting
31:29 Chain Mail Armor
34:47 Chain Barding Armor
34:23 Bodkin Arrow
34:29 Padded Archer Armor
34:47 Caravan
40:21 Imperial Age
38:56 Stone Shaft Mining
39:21 Fortified Wall
39:32 Ballistics
39:22 Masonry
40:19 Leather Archer Armor
40:29 Ironclad
41:34 Crenellations
40:51 Cavalier
43:35 Conscription
43:50 Hoardings
44:38 Chemistry
43:24 Arrowslits
44:04 Arson
44:20 Squires
43:40 Pikeman
44:07 Gambesons
45:00 Plate Barding Armor
44:52 Hand Cart
45:43 Paladin
47:27 Blast Furnace
48:22 Plate Mail Armor
48:22 Ring Archer Armor
47:15 Two-Handed Swordsman
47:15 Halberdier
49:03 Siege Engineers
51:27 Heavy Scorpion
52:40 Conscription
54:54 Hoardings
54:47 Elite Teutonic Knight
Clueless Clown
8:29 Loom
8:34 Loom
11:23 Feudal Age
14:57 Castle Age
13:18 Scale Mail Armor
13:45 Double-Bit Axe
17:53 Squires
18:54 Arson
20:50 Chain Mail Armor
21:08 Gambesons
22:23 Forging
24:26 Iron Casting
25:11 Bow Saw
34:08 Wheelbarrow
34:41 Horse Collar
35:28 Hand Cart
37:01 Heavy Plow
42:20 Imperial Age
40:42 Fletching
42:53 Scale Barding Armor
42:44 Bodkin Arrow
43:15 Caravan
44:20 Chain Barding Armor
45:32 Two-Man Saw
44:53 Guilds
45:50 Blast Furnace
45:59 Plate Barding Armor
45:25 Bracer
45:59 Bloodlines
45:49 Husbandry
46:20 Husbandry
45:41 Elite Steppe Lancer
46:10 Treadmill Crane
46:27 Murder Holes
47:33 Chemistry
46:44 Masonry
46:42 Siege Engineers
47:19 Crop Rotation
47:38 Capped Ram
48:53 Conscription
49:16 Hoardings
48:41 Gold Mining
48:43 Stone Mining
49:25 Ballistics
49:35 Architecture
49:09 Fortified Bastions
50:34 Gold Shaft Mining
51:57 Siege Ram
55:29 Padded Archer Armor
58:09 Stone Shaft Mining
57:50 Fortified Wall
57:31 Guard Tower
57:27 Arrowslits
CR | Mono con Navaja
9:16 Loom
11:11 Feudal Age
15:59 Castle Age
14:29 Double-Bit Axe
14:24 Horse Collar
14:42 Gold Mining
19:43 Fletching
KILL KINGS
0:26 Loom
9:46 Feudal Age
10:38 Double-Bit Axe
13:02 Horse Collar
13:19 Double-Bit Axe
20:43 Castle Age
19:40 Stone Mining
19:45 Gold Mining
20:06 Man-at-Arms
23:24 Long Swordsman
29:23 Gold Shaft Mining
30:05 Forging
29:55 Scale Mail Armor
29:46 Fletching
31:11 Wheelbarrow
30:41 Nomads
32:01 Scale Barding Armor
32:03 Heavy Plow
32:38 Bow Saw
34:30 Hand Cart
37:06 Imperial Age
35:21 Caravan
35:39 Chain Mail Armor
36:00 Iron Casting
35:59 Fervor
42:11 Two-Handed Swordsman
42:14 Elite Skirmisher
43:46 Coinage
43:02 Capped Ram
44:24 Plate Mail Armor
44:32 Stone Shaft Mining
45:08 Pikeman
45:49 Squires
46:24 Arson
48:46 Drill
48:47 Conscription
47:50 Elite Mangudai
48:41 Siege Ram
48:46 Heavy Scorpion
51:05 Banking
50:35 Siege Ram
51:03 Onager
52:27 Onager
53:48 Siege Onager
56:07 Blast Furnace
55:27 Chain Barding Armor
58:30 Chemistry
marcovillasen16
3:57 Loom
12:17 Feudal Age
13:09 Horse Collar
20:49 Castle Age
19:00 Double-Bit Axe
20:45 Gold Mining
25:16 Fletching
25:40 Man-at-Arms
27:57 Stone Mining
39:10 Wheelbarrow
39:13 Sanctity
43:41 Bodkin Arrow
44:27 Elite Skirmisher
50:27 Forging
Connection lost

Rejoining the realm…

Still unreachable

The connection could not be restored.

Session expired

The server has moved on; the page needs a fresh start.